 Dungeon Crawl Stone Soup version 0.20.1-1-g8b1a95d (webtiles) character file.

387211 Gargoyl the Executioner (level 22, 0/207 HPs)
             Began as a Minotaur Abyssal Knight on Aug 3, 2017.
             Was the Champion of Lugonu.
             Killed from afar by a Hell Sentinel (28 damage)
             ... with damnation
             ... summoned by a deep elf demonologist
             ... on level 3 of the Elven Halls on Aug 4, 2017.
             The game lasted 01:56:13 (54167 turns).

Gargoyl the Executioner (Minotaur Abyssal Knight)  Turns: 54167, Time: 01:56:15

Health: 0/207      AC: 37    Str: 28    XL:     22   Next: 2%
Magic:  30/33      EV: 13    Int: 14    God:    Lugonu [******]
Gold:   2482       SH: 20    Dex: 21    Spells: 21/21 levels left

rFire    + + +     SeeInvis +   U - +8 broad axe (flame)
rCold    + + .     Gourm    .   M - +3 shield {AC+3}
rNeg     + . .     Faith    .   q - +2 plate armour {rF+}
rPois    +         Spirit   .   g - +2 hat
rElec    +         Reflect  .   f - scarf {rC+ rF+}
rCorr    .         Harm     .   x - +0 pair of gloves
MR       +++++     Clarity  +   K - +0 pair of boots of Rousisyss {Dex+4}
Stlth    ..........             S - amulet of the Four Winds {rN+ MR+++ Clar}
Regen    0.5/turn               V - ring "Waxoo" {rF+ MR+++ AC+1 Int+3 Stlth-}
MPRegen  0.3/turn               y - ring of Unaat {rElec Str+4 Dex+4 SInv Stlth+}

@: very slightly contaminated, hasted, studying Staves, drained, slow
A: retaliatory headbutt, horns 2, icy blue scales 1, iridescent scales 1, molten
scales 1, clever 1, cold resistance 1, magic resistance 1, poison resistance,
screaming 1, evolution 1
}: 2/15 runes: silver, gossamer
a: Depart the Abyss, Bend Space, Banish, Corrupt, Enter the Abyss, Brand Weapon
With Distortion, Renounce Religion


You were on level 3 of the Elven Halls.
You worshipped Lugonu.
Lugonu was exalted by your worship.
You were not hungry.

You visited 6 branches of the dungeon, and saw 35 of its levels.
You visited the Abyss 1 time.
You visited 1 bazaar.
You also visited: Ossuary, Ice Cave, Volcano and Desolation.

You collected 4599 gold pieces.
You spent 2117 gold pieces at shops.

Inventory:

Hand Weapons
 U - a +8 broad axe of flaming (weapon)
 W - the +9 trident of Zoydolao {flame, rN+ Str+2 Dex+6}
   (You found it on level 14 of the Dungeon)

   It has been specially enchanted to burn those struck by it, causing extra
   injury to most foes and up to half again as much damage against particularly
   susceptible opponents.
   It affects your strength (+2).
   It affects your dexterity (+6).
   It protects you from negative energy.
 Z - a +1 vampiric broad axe
Missiles
 k - 12 javelins (quivered)
Armour
 f - a scarf of resistance (worn)
 g - a +2 hat (worn)
 q - a +2 plate armour of fire resistance (worn)
 x - a +0 pair of gloves (worn)
 K - the +0 pair of boots of Rousisyss (worn) {Dex+4}
   (You found it on level 10 of the Dungeon)

   It affects your dexterity (+4).
 M - a +3 shield of protection (worn)
Jewellery
 p - the amulet "Meik" {Inacc MR++ Str+4, unknown}
   (You found it on level 5 of the Vaults)

   [amulet of inaccuracy]

   It reduces the accuracy of all your attacks.
   It affects your strength (+4).
   It affects your resistance to hostile enchantments.
 y - the ring of Unaat (right hand) {rElec Str+4 Dex+4 SInv Stlth+}
   (You found it on level 6 of the Lair of Beasts)

   [ring of see invisible]

   It affects your strength (+4).
   It affects your dexterity (+4).
   It insulates you from electricity.
   It lets you see invisible.
   It makes you more stealthy.
 F - an uncursed ring of flight
 I - the ring "Agotwi Uciu" {rPois rC++ Str+3 Int+3 Stlth+}
   (You found it in the Desolation of Salt)

   [ring of poison resistance]

   It affects your strength (+3).
   It affects your intelligence (+3).
   It greatly protects you from cold.
   It protects you from poison.
   It makes you more stealthy.
 O - an uncursed ring of protection from cold
 R - a +2 amulet of reflection
 S - the amulet of the Four Winds (around neck) {rN+ MR+++ Clar}
   (You found it in the Desolation of Salt)

   [amulet of nothing]

   It protects you from negative energy.
   It affects your resistance to hostile enchantments.
   It protects you against confusion.
 V - the ring "Waxoo" (left hand) {rF+ MR+++ AC+1 Int+3 Stlth-}
   (You found it in the Desolation of Salt)

   [ring of protection]

   It affects your AC (+1).
   It affects your intelligence (+3).
   It protects you from fire.
   It affects your resistance to hostile enchantments.
   It makes you less stealthy.
Wands
 d - a wand of scattershot (4/9)
 j - a wand of paralysis (18/24)
Scrolls
 a - 2 scrolls of magic mapping
 e - 16 scrolls of teleportation
 u - 2 scrolls of fog
 D - 4 scrolls of blinking
 J - 12 scrolls of remove curse
 L - 3 scrolls of recharging
 N - 2 scrolls of identify
 P - 2 scrolls of fear
 X - 4 scrolls of amnesia
 Y - a scroll of holy word
Potions
 b - 3 potions of brilliance
 h - 5 potions of flight
 i - 5 potions of haste
 m - 23 potions of curing
 o - a potion of invisibility
 s - 4 potions of might
 w - a potion of agility
 z - 5 potions of cancellation
 A - 4 potions of ambrosia
 C - 2 potions of resistance
 E - 3 potions of magic
 Q - 4 potions of berserk rage
Books
 r - a book of Clouds

   Spells                             Type                      Level
   a - Poisonous Vapours              Poison/Air                   2
   b - Mephitic Cloud                 Conjuration/Poison/Air       3
   c - Conjure Flame                  Conjuration/Fire             3
   d - Freezing Cloud                 Conjuration/Ice/Air          6
   e - Ring of Flames                 Charms/Fire                  7
 t - a book of Battle

   Spells                             Type                      Level
   a - Infusion                       Charms                       1
   b - Shroud of Golubria             Charms/Translocation         2
   c - Song of Slaying                Charms                       2
   d - Spectral Weapon                Hexes/Charms                 3
   e - Regeneration                   Charms/Necromancy            3
 G - a manual of Staves
 T - the Tome of Calling
   (You found it on level 1 of the Elven Halls)

   Spells                             Type                      Level
   a - Recall                         Summoning/Translocation      3
   b - Summon Lightning Spire         Summoning/Air                4
   c - Dragon's Call                  Summoning                    9
Comestibles
 c - 10 bread rations
 l - 20 meat rations
 n - 19 royal jellies
 v - 26 fruits


   Skills:
 + Level 19.6(19.1) Fighting
 + Level 21.9(21.4) Axes
 + Level 2.3(2.0) Throwing
 * Level 21.4(20.8) Armour
 + Level 6.8(6.4) Dodging
 + Level 18.5(18.0) Shields
 * Level 17.2(16.7) Invocations


You had 21 spell levels left.
You didn't know any spells.

Dungeon Overview and Level Annotations

Branches:
Dungeon (15/15)            Temple (0/1) D:6            Lair (6/6) D:10
 Shoals (0/4) Lair:4       Spider (4/4) Lair:4        Slime (0/5) Lair:6
    Orc (2/2) D:11            Elf (3/3) Orc:2        Vaults (5/5) D:13
  Crypt (0/3) Vaults:3     Depths (0/5) D:15

Altars:
Gozag
Hepliaklqana
Sif Muna
Xom
Yredelemnul
Zin
Beogh
Jiyva

Shops:
D:6 :   D:10 %   D:15 [   Orc:2 =[*(   Elf:1 }   Vaults:2 (

Portals:
Trove: D:15 (give horn of Geryon)

Annotations:
Vaults:5 corrupted


Innate Abilities, Weirdness & Mutations

You reflexively headbutt those who attack you in melee.
You have a pair of horns on your head.
You are partially covered in icy blue scales. (AC +2)
You are partially covered in iridescent scales. (AC +2)
You are partially covered in molten scales. (AC +2)
Your mind is acute. (Int +2)
Your flesh is cold resistant. (rC+)
You are resistant to hostile enchantments. (MR+)
Your system is resistant to poisons. (rPois)
You occasionally shout uncontrollably at your foes.
You evolve.


Message History

The Ice Fiend gestures at you. The bolt of cold hits you! You resist.
* * * LOW HITPOINT WARNING * * *
You block the Hell Sentinel's attack. x2
Blink to where?
Press: ? - help, Dir - move target cursor Splash!
You fall into the shallow water.
Moving in this stuff is going to be slow.
You are very lightly contaminated with residual magic.
As you read the scroll of blinking, it crumbles to dust.
The flames go out!
You feel yourself speed up.
The deep elf demonologist seems less brilliant.
The balrug gestures at you. Something smites you!
* * * LOW HITPOINT WARNING * * *
The Hell Sentinel gestures at you.
The sphere of damnation explodes!
The damnation engulfs you!
You die...

..# #41# ^.# #e(# ..# #21# ..#
#..# '## #.(# ..# #..# ..# #≈≈#
..# #≈≈# ..# #≈@#
..#############..##############
......#.....#.........#.......#
#.....'.....#.........#.......#
##....#.....'....)....'.......#
.###'######'########'######'###
.#..).........................#
.'............................#
###############################


You could see a Hell Sentinel, a balrug, a deep elf demonologist and a halberd
of pain.

Vanquished Creatures
  Boris (Vaults:4)
  Frederick (Vaults:4)
  Bai Suzhen (Vaults:4)
  Jory (Vaults:3)
  3 liches
  3 titans (Vaults:5)
  A deep elf blademaster (Elf:2)
  A quicksilver dragon (shapeshifter) (Vaults:4)
  2 sphinxes
  5 tengu reavers
  Kirke (Lair:4)
  3 shadow dragons
  Donald (Spider:3)
  A storm dragon (Vaults:4)
  A revenant (Vaults:3)
  9 vault wardens
  3 frost giants
  An orc warlord (Orc:1)
  Aizul (Spider:1)
  4 imperial myrmidons (Desolation)
  8 ghost moths
  3 deep elf sorcerers
  5 emperor scorpions
  3 deep elf elementalists (Elf:3)
  A ghoul (Vaults:3)
  Louise (Spider:4)
  12 ironheart preservers
  12 very ugly things
  13 stone giants
  6 entropy weavers
  3 war gargoyles
  7 deep elf demonologists
  A deep elf annihilator (Elf:2)
  A dire elephant (D:15)
  A spark wasp (Spider:4)
  A halazid warlock (Desolation)
  Snorg (Lair:5)
  2 deep elf death magi
  An ettin (Vaults:4)
  An eidolon (Vaults:3)
  A crystal guardian (Desolation)
  7 yaktaur captains
  A fire dragon (Vaults:1)
  2 deep elf high priests (Vaults:5)
  8 ragged hierophants (Desolation)
  4 great orbs of eyes
  4 servants of whispers (Desolation)
  6 ice dragons
  8 peacekeepers (Desolation)
  6 hydras
  3 catoblepae (Lair:6)
  10 vault guards
  11 centaur warriors
  4 death knights
  A tengu warrior (D:15)
  20 two-headed ogres
  8 death yaks
  2 orc high priests
  30 dancing weapons
  10 ogre magi
  A deep troll earth mage (Vaults:3)
  Urug (Lair:5)
  A storm dragon zombie (Vaults:2)
  Sonja (D:11)
  A sun demon (Volcano)
  22 deep elf knights
  16 skeletal warriors
  A fire crab (shapeshifter) (Vaults:2)
  A hell knight (Volcano)
  2 shadow wraiths
  3 wizards
  3 unseen horrors
  A swamp dragon (shapeshifter) (Vaults:4)
  16 deep elf archers
  7 harpies
  The ghost of McKennaii the Zephyrmancer, a novice TeAE of Vehumet (D:7)
  2 phantasmal warriors
  5 deep trolls
  62 deep elf magi
  12 orc knights
  15 ironbrand convokers
  3 necromancers
  An orb spider (shapeshifter) (D:14)
  A wolf spider (shapeshifter) (Vaults:4)
  A wolf spider zombie (D:13)
  13 orb spiders
  5 orc sorcerers
  26 wolf spiders
  A salamander (shapeshifter) (Vaults:5)
  A tengu skeleton (Vaults:5)
  6 cyclopes
  4 manticores
  A frost giant zombie (Vaults:2)
  50 ugly things
  A salamander (D:15)
  A moth of wrath (Spider:2)
  A black mamba (Lair:3)
  A frost giant skeleton (Vaults:5)
  6 elephants (Lair:3)
  A guardian serpent (shapeshifter) (Elf:1)
  5 guardian serpents (Desolation)
  13 vault sentinels
  3 torpor snails
  2 gargoyles (D:14)
  13 spiny frogs
  3 rime drakes
  A storm dragon simulacrum (Vaults:4)
  15 demonic crawlers
  9 komodo dragons
  A yaktaur (shapeshifter) (Vaults:2)
  An efreet (D:13)
  29 yaktaurs
  The ghost of Ejeck the Covered, a novice GrFi (D:5)
  6 freezing wraiths
  A kobold demonologist (D:14)
  4 trolls
  2 tengu conjurers
  A queen bee (shapeshifter) (Vaults:4)
  2 polar bears (Lair:5)
  39 jumping spiders
  17 hornets
  A merfolk (D:9)
  13 slime creatures
  Grinder (D:6)
  12 blink frogs
  64 saltlings (Desolation)
  2 blink frogs (shapeshifter)
  15 hippogriffs
  9 dream sheep
  A fire giant simulacrum (Vaults:2)
  A shadow (D:14)
  3 air elementals
  2 wyverns
  71 redbacks
  A spriggan (Lair:5)
  2 wraiths
  63 yaks
  A fire elemental (Elf:2)
  2 hogs (Lair:4)
  3 hungry ghosts
  28 tarantellas
  3 water elementals
  A basilisk (shapeshifter) (Vaults:2)
  3 basilisks
  A golden eye (shapeshifter) (Vaults:3)
  2 hogs (shapeshifter)
  2 steam dragons
  A yaktaur simulacrum (Vaults:4)
  5 vampire mosquitoes
  6 wargs
  2 acid dragons
  A deep troll skeleton (Vaults:4)
  12 porcupines
  5 water moccasins
  53 orc warriors
  7 sky beasts
  14 ice beasts
  4 black bears
  A necrophage (D:9)
  An ogre (shapeshifter) (Vaults:4)
  2 phantoms
  31 ogres
  19 centaurs
  7 crocodiles
  12 wolves
  3 big kobolds
  A wyvern zombie (D:6)
  3 earth elementals
  18 bullfrogs
  2 elf zombies (Ossuary)
  A water moccasin zombie (D:7)
  3 wyvern skeletons
  2 scorpions (D:7)
  5 wights
  17 killer bees
  4 howler monkeys
  10 crimson imps
  4 centaur zombies
  A human simulacrum (Vaults:3)
  A quasit (D:13)
  6 jellies
  2 bullfrog skeletons (D:4)
  4 centaur skeletons
  4 hounds
  3 human zombies
  36 orc priests
  38 orc wizards
  3 iguanas
  12 worker ants
  3 big kobold zombies (Ossuary)
  3 hound skeletons
  2 mummies (Ossuary)
  A worker ant zombie (D:10)
  Robin (D:4)
  15 adders
  2 howler monkey zombies
  7 gnolls
  2 shadow imps
  3 oozes
  2 adder zombies (Ossuary)
  A worm (D:5)
  6 leopard geckos
  112 orcs
  8 bats
  6 giant cockroaches
  15 goblins
  16 hobgoblins
  9 jackals
  4 quokkas
  A ball python (D:6)
  3 frilled lizards
  9 hobgoblin zombies (Ossuary)
  A jackal skeleton (D:4)
  24 kobolds
  12 kobold zombies (Ossuary)
  6 orc zombies (Ossuary)
  16 rats
  10 fungi
  6 pillars of salt (Vaults:3)
  2 plants
1720 creatures vanquished.

Vanquished Creatures (others)
  A sphinx (Vaults:5)
  An iron dragon (Vaults:5)
  A frost giant (Vaults:5)
  2 vault wardens (Vaults:5)
  An ettin (Vaults:5)
  A deep elf death mage (Vaults:5)
  17 vault guards (Vaults:5)
  A shadow wraith (Vaults:4)
  An ironbrand convoker (Vaults:5)
  8 orb spiders
  A deep elf mage (Vaults:5)
  A jumping spider (Spider:1)
  4 dream sheep (Lair:4)
  A tarantella (Spider:1)
  3 redbacks
  A human (Lair:4)
  A floating eye (shapeshifter) (Vaults:5)
  A quokka zombie (D:5)
  10 fungi
  A pillar of salt (Vaults:3)
  2 plants (Lair:6)
  9 starspawn tentacles (Vaults:5)
69 creatures vanquished.

Grand Total: 1789 creatures vanquished

Notes
Turn   | Place    | Note
-------+----------+-------------------------------------------
     0 | Abyss:1  | Gargoyl the Minotaur Abyssal Knight began the quest for the Orb.
     0 | Abyss:1  | Reached XP level 1. HP: 19/19 MP: 1/1
     6 | Abyss:1  | Found a corrupted altar of Lugonu.
    61 | Abyss:2  | Noticed a starcursed mass
   122 | Abyss:2  | Found a basalt altar of Yredelemnul.
   125 | Abyss:2  | Found a corrupted altar of Lugonu.
   127 | Abyss:2  | Noticed a smoke demon
   128 | Abyss:2  | Noticed an ancient zyme
   129 | Abyss:2  | Noticed a small abomination
   134 | Abyss:2  | Noticed a starcursed mass
   134 | D:1      | Escaped the Abyss
   535 | D:1      | Reached XP level 2. HP: 26/27 MP: 2/2
   620 | D:1      | Reached * piety under Lugonu
   812 | D:1      | Reached XP level 3. HP: 33/33 MP: 3/3
  1496 | D:2      | Reached ** piety under Lugonu
  1613 | D:2      | Found a basalt altar of Yredelemnul.
  1622 | D:2      | Reached XP level 4. HP: 34/41 MP: 4/4
  2238 | D:3      | Reached XP level 5. HP: 27/47 MP: 5/5
  2363 | D:3      | Reached XP level 6. HP: 11/55 MP: 7/7
  2939 | D:4      | Reached skill level 5 in Armour
  2994 | D:4      | Reached skill level 5 in Fighting
  2995 | D:4      | Noticed Robin
  3006 | D:4      | Reached *** piety under Lugonu
  3010 | D:4      | Killed Robin
  3010 | D:4      | Reached skill level 5 in Axes
  3277 | D:4      | Reached XP level 7. HP: 11/61 MP: 8/8
  3851 | D:5      | Entered Level 5 of the Dungeon
  3851 | D:5      | Noticed Ejeck's ghost (novice GrFi)
  4136 | D:5      | Found a glowing silver altar of Zin.
  4486 | D:5      | Found a sand-covered staircase.
  4494 | Ossuary  | Entered an ossuary
  4507 | Ossuary  | Reached **** piety under Lugonu
  4676 | Ossuary  | Reached XP level 8. HP: 67/69 MP: 9/9
  4894 | D:5      | Gained mutation: You are weak. (Str -2) [mutagenic meat]
  4895 | D:5      | Gained mutation: You possess an exceptional clarity of mind. [mutagenic meat]
  4896 | D:5      | Gained mutation: You are robust. (+10% HP) [mutagenic meat]
  5032 | D:5      | Reached ***** piety under Lugonu
  5042 | D:5      | Found a hazy altar of Hepliaklqana.
  5320 | D:5      | Killed Ejeck's ghost
  5586 | D:6      | Found a staircase to the Ecumenical Temple.
  5667 | D:6      | Found Hasatuud's Book Shoppe.
  6070 | D:6      | Reached XP level 9. HP: 49/82 MP: 11/11
  6856 | D:6      | Noticed Grinder
  6869 | D:6      | Killed Grinder
  7666 | D:7      | Reached skill level 5 in Invocations
  7975 | D:7      | Noticed McKennaii's ghost (novice TeAE)
  7995 | D:7      | Killed McKennaii's ghost
  7995 | D:7      | Reached skill level 10 in Armour
  8135 | D:8      | Reached skill level 10 in Axes
  8180 | D:8      | Reached XP level 10. HP: 21/94 MP: 13/13
  9307 | D:9      | Noticed a two-headed ogre
  9320 | D:9      | Killed a two-headed ogre
 10020 | D:9      | Found an opulent altar of Gozag.
 10065 | D:9      | Reached ****** piety under Lugonu
 10313 | D:10     | Entered Level 10 of the Dungeon
 10356 | D:10     | Got a pair of faintly glowing boots
 10377 | D:10     | Identified the +0 pair of boots of Rousisyss {Dex+4} (You found it on level 10 of the Dungeon)
 10415 | D:10     | Found Osuwn's Food Boutique.
 10647 | D:10     | Found a staircase to the Lair.
 11196 | D:10     | Noticed a two-headed ogre
 11213 | D:10     | Killed a two-headed ogre
 11213 | D:10     | Reached XP level 11. HP: 79/103 MP: 13/15
 11385 | D:10     | Lost mutation: You possess an exceptional clarity of mind. [potion of mutation]
 11385 | D:10     | Lost mutation: You are weak. (Str -2) [potion of mutation]
 11385 | D:10     | Lost mutation: You are robust. (+10% HP) [potion of mutation]
 11385 | D:10     | Gained mutation: You have a pair of large horns on your head. [potion of mutation]
 11385 | D:10     | Gained mutation: You have sharp toenails. [potion of mutation]
 11448 | Lair:1   | Entered Level 1 of the Lair of Beasts
 11933 | Lair:1   | Noticed an eight-headed hydra
 11942 | Lair:1   | Killed a five-headed hydra
 12026 | Lair:1   | Noticed a six-headed hydra
 12037 | Lair:1   | Killed a two-headed hydra
 12037 | Lair:1   | Reached skill level 1 in Throwing
 13316 | Lair:2   | Identified a scroll of acquirement
 13963 | Lair:2   | Reached skill level 1 in Shields
 14460 | Lair:3   | Reached XP level 12. HP: 81/104 MP: 16/16
 15170 | Lair:3   | Found a frozen archway.
 15211 | IceCv    | Entered an ice cave
 16294 | Lair:4   | Noticed Kirke
 16314 | Lair:4   | Killed Kirke
 16314 | Lair:4   | Reached skill level 10 in Fighting
 16314 | Lair:4   | Reached skill level 15 in Armour
 16314 | Lair:4   | Reached skill level 5 in Shields
 16413 | Lair:4   | Found a staircase to the Shoals.
 16423 | Lair:4   | Noticed a five-headed hydra
 16430 | Lair:4   | Killed a one-headed hydra
 16444 | Lair:4   | Found a dark tunnel.
 16452 | Volcano  | Entered a volcano
 16482 | Volcano  | Reached XP level 13. HP: 64/113 MP: 18/18
 17474 | Lair:4   | Found a hole to the Spider Nest.
 17844 | Lair:5   | Reached skill level 5 in Dodging
 18239 | Lair:5   | Noticed Urug
 18251 | Lair:5   | Killed Urug
 18837 | Lair:5   | Noticed Snorg
 18846 | Lair:5   | Killed Snorg
 19135 | Lair:6   | Entered Level 6 of the Lair of Beasts
 19548 | Lair:6   | Reached skill level 15 in Axes
 19598 | Lair:6   | Reached skill level 10 in Invocations
 19641 | Lair:6   | Found a viscous altar of Jiyva.
 19642 | Lair:6   | Found a staircase to the Slime Pits.
 19972 | Lair:6   | Reached XP level 14. HP: 74/124 MP: 20/20
 20579 | Lair:6   | Identified the Collected Works on the Cloudy Glacier
 20582 | Lair:6   | Got a scintillating brass ring
 20594 | Lair:6   | Identified the ring of Unaat {rElec Str+4 Dex+4 SInv Stlth+} (You found it on level 6 of the Lair of Beasts)
 21226 | D:11     | Lost mutation: You have sharp toenails. [potion of mutation]
 21226 | D:11     | Lost mutation: You have a pair of large horns on your head. [potion of mutation]
 21226 | D:11     | Gained mutation: You tend to lose your temper in combat. [potion of mutation]
 21226 | D:11     | Gained mutation: Your mind is acute. (Int +2) [potion of mutation]
 21226 | D:11     | Gained mutation: You are partially covered in icy blue scales. (AC +2) [potion of mutation]
 21226 | D:11     | Gained mutation: You are partially covered in iridescent scales. (AC +2) [potion of mutation]
 21238 | D:11     | Noticed Sonja
 21261 | D:11     | Gained mutation: You are partially covered in molten scales. (AC +2) [mutagenic meat]
 21263 | D:11     | Gained mutation: Your flesh is heat resistant. (rF+) [mutagenic meat]
 21265 | D:11     | Gained mutation: You are agile. (Dex +2) [mutagenic meat]
 21512 | D:11     | Killed Sonja
 21531 | D:11     | Found a staircase to the Orcish Mines.
 22755 | D:12     | Lost mutation: You are agile. (Dex +2) [mutagenic meat]
 22756 | D:12     | Gained mutation: Your system is resistant to poisons. (rPois) [mutagenic meat]
 22816 | D:12     | Found a shimmering altar of Xom.
 23283 | D:13     | Found a gate to the Vaults.
 24257 | D:14     | Lost mutation: Your mind is acute. (Int +2) [mutagenic meat]
 24258 | D:14     | Gained mutation: Your mind is acute. (Int +2) [mutagenic meat]
 24259 | D:14     | Gained mutation: You occasionally shout uncontrollably at your foes. [mutagenic meat]
 24260 | D:14     | Gained mutation: You evolve. [mutagenic meat]
 24401 | D:14     | Lost mutation: You tend to lose your temper in combat. [evolution]
 24553 | D:14     | Found a shimmering altar of Xom.
 24557 | D:14     | Found a shimmering altar of Xom.
 24558 | D:14     | Found a shimmering altar of Xom.
 24560 | D:14     | Found a shimmering altar of Xom.
 24560 | D:14     | Found a shimmering altar of Xom.
 24560 | D:14     | Found a shimmering altar of Xom.
 24689 | D:14     | Found a shimmering altar of Xom.
 25007 | D:14     | Got a dazzling trident
 25008 | D:14     | Identified the +9 trident of Zoydolao {flame, rN+ Str+2 Dex+6} (You found it on level 14 of the Dungeon)
 25088 | D:15     | Entered Level 15 of the Dungeon
 25196 | D:15     | Reached XP level 15. HP: 130/132 MP: 22/22
 25317 | D:15     | Found a portal to a secret trove of treasure.
 25355 | D:15     | Got a serpentine brass amulet
 25422 | D:15     | Found Arolur's Armour Shop.
 25427 | D:15     | Bought a scarf of resistance for 384 gold pieces
 25472 | D:15     | Identified the amulet of Darkness {Inacc +Inv rF+ MR+} (You found it on level 15 of the Dungeon)
 25670 | D:15     | Found a staircase to the Depths.
 25689 | D:15     | Reached skill level 10 in Shields
 26163 | Orc:1    | Entered Level 1 of the Orcish Mines
 26231 | Orc:2    | Entered Level 2 of the Orcish Mines
 26451 | Orc:2    | Noticed an orc warlord
 26756 | Orc:1    | Killed an orc warlord
 26934 | Orc:2    | Found a staircase to the Elven Halls.
 27026 | Orc:2    | Found a roughly hewn altar of Beogh.
 27032 | Orc:2    | Found Usaathra's Antique Weapon Shoppe.
 27041 | Orc:2    | Found Reaklyde's General Store.
 27297 | Orc:2    | Bought a scroll of blinking for 105 gold pieces
 27618 | Orc:2    | Found Xeg Bemi's Antique Armour Shoppe.
 27731 | Orc:2    | Found Inurorat's Jewellery Shoppe.
 27773 | Orc:2    | Found a roughly hewn altar of Beogh.
 28032 | Orc:2    | Bought a glowing plate armour for 520 gold pieces
 28032 | Orc:2    | Bought a glowing plate armour for 520 gold pieces
 28461 | Orc:1    | Gained mutation: You are resistant to hostile enchantments. (MR+) [evolution]
 28753 | Spider:1 | Entered Level 1 of the Spider Nest
 29727 | Spider:1 | Noticed Aizul
 29754 | Spider:1 | Killed Aizul
 30771 | Spider:2 | Reached XP level 16. HP: 130/143 MP: 24/24
 31860 | Spider:3 | Noticed Donald
 31880 | Spider:3 | Killed Donald
 33158 | Spider:4 | Entered Level 4 of the Spider Nest
 33370 | Spider:4 | Noticed Louise
 33396 | Spider:4 | Killed Louise
 34194 | Spider:4 | Paralysed by the power of Zot for 4 turns
 35032 | Spider:4 | Reached XP level 17. HP: 138/152 MP: 25/25
 35130 | Spider:4 | Got a gossamer rune of Zot
 35778 | Vaults:1 | Entered Level 1 of the Vaults
 36269 | Vaults:1 | Found a flickering gateway to a bazaar.
 36276 | Bazaar   | Entered a bazaar
 36291 | Bazaar   | Found Lupnar's Armour Emporium.
 36291 | Bazaar   | Found Ehad's Weapon Shoppe.
 36312 | Bazaar   | Found Efyri's Magic Scroll Emporium.
 36312 | Bazaar   | Found Hyseopu's Weapon Shoppe.
 36316 | Bazaar   | Bought a scroll of enchant weapon for 120 gold pieces
 36316 | Bazaar   | Bought a scroll of teleportation for 48 gold pieces
 36347 | Bazaar   | Found Utubuwud's Weapon Shoppe.
 36362 | Bazaar   | Found Heruesm's Armour Emporium.
 36362 | Bazaar   | Found Ecru's Magic Scroll Shoppe.
 36372 | Bazaar   | Bought a scroll of teleportation for 48 gold pieces
 36372 | Bazaar   | Bought a scroll of teleportation for 48 gold pieces
 36471 | Bazaar   | Bought a +0 plate armour of positive energy for 324 gold pieces
 37689 | Vaults:2 | Reached skill level 15 in Fighting
 38195 | Vaults:2 | Found Nanew's Antique Weapon Emporium.
 38424 | Vaults:2 | Reached XP level 18. HP: 163/163 MP: 27/27
 39965 | Vaults:3 | Reached skill level 15 in Shields
 40463 | Vaults:3 | Found a ruined gateway.
 40503 | Desolati | Entered the Desolation of Salt
 41106 | Desolati | Got a wavering bone ring
 41107 | Desolati | Identified the ring of Syrase {Fire rElec} (You found it in the Desolation of Salt)
 41564 | Desolati | Got a twitching golden ring
 41570 | Desolati | Got a fine plate armour
 41575 | Desolati | Got a faintly glowing granite ring
 41641 | Desolati | Identified the cursed +0 plate armour of Myteuhack {*Corrode Int+6 SInv} (You found it in the Desolation of Salt)
 41654 | Desolati | Identified the ring "Agotwi Uciu" {rPois rC++ Str+3 Int+3 Stlth+} (You found it in the Desolation of Salt)
 41656 | Desolati | Identified the ring "Waxoo" {rF+ MR+++ AC+1 Int+3 Stlth-} (You found it in the Desolation of Salt)
 41758 | Desolati | Reached XP level 19. HP: 167/174 MP: 29/29
 42639 | Desolati | Got an ancient steel amulet
 42647 | Desolati | Identified the amulet "Baofeurch" {Gourm MP+9 Dex+3} (You found it in the Desolation of Salt)
 42943 | Vaults:3 | Reached skill level 15 in Invocations
 43195 | Vaults:3 | Noticed Jory
 43215 | Vaults:3 | Killed Jory
 43935 | Vaults:3 | Found a staircase to the Crypt.
 44878 | Vaults:4 | Noticed Frederick
 44896 | Vaults:4 | Killed Frederick
 44939 | Vaults:4 | Noticed a Brimstone Fiend
 45072 | Vaults:4 | Reached XP level 20. HP: 159/185 MP: 30/30
 45133 | Vaults:4 | Gained mutation: Your flesh is cold resistant. (rC+) [evolution]
 45546 | Vaults:4 | Noticed Boris
 45755 | Vaults:4 | Killed Boris
 46453 | Vaults:5 | Entered Level 5 of the Vaults
 46454 | Vaults:5 | Corrupted Vaults:5
 46454 | Vaults:5 | Noticed an ancient lich
 46775 | Vaults:5 | Noticed Bai Suzhen
 46918 | Vaults:4 | Killed Bai Suzhen
 48522 | Vaults:5 | Reached XP level 21. HP: 175/195 MP: 32/32
 49127 | Vaults:5 | Identified the Grimoire of Shifting Summoning
 49171 | Vaults:5 | Got a silver rune of Zot
 49679 | Vaults:5 | Got a heavily runed pewter amulet
 49681 | Vaults:5 | Got a pair of distressingly furry boots
 49695 | Vaults:5 | Identified the cursed +0 pair of boots of Zuphygg {rF- MR- rCorr Int+7} (You found it on level 5 of the Vaults)
 50623 | Elf:1    | Entered Level 1 of the Elven Halls
 50692 | Elf:1    | Found Worusadi's Gadget Emporium.
 51265 | Elf:1    | Identified the Tome of Calling
 51442 | Elf:1    | Found a deep blue altar of Sif Muna.
 51985 | Elf:2    | Found a huge runed gate.
 51985 | Elf:2    | Found a huge runed gate.
 52007 | Elf:2    | Found a huge runed gate.
 53460 | Elf:3    | Entered Level 3 of the Elven Halls
 54001 | Elf:3    | Lost mutation: Your flesh is heat resistant. (rF+) [evolution]
 54149 | Elf:3    | Reached XP level 22. HP: 179/207 MP: 33/33
 54167 | Elf:3    | Killed from afar by a Hell Sentinel

Skill      XL: |  1  2  3  4  5  6  7  8  9 10 11 12 13 14 15 16 17 18 19 20 21 |
---------------+----------------------------------------------------------------+-----
Fighting       | 4 5 6 7 8 9 10 11 12 13 14 15 16 17 18 19 | 19.6
Invocations    | 2 3 4 5 6 7 9 10 11 12 13 14 15 16 17 | 17.2
Axes           | 3 4 5 6 8 10 11 12 13 15 16 17 18 19 20 21 | 21.9
Armour         | 3 4 5 7 8 10 12 14 15 16 17 18 19 20 21 | 21.4
Dodging        | 2 3 4 5 6 |  6.8
Throwing       | 1 2 |  2.3
Shields        | 1 5 7 9 11 13 14 15 16 17 18 | 18.5

Action                   |  1- 3 |  4- 6 |  7- 9 | 10-12 | 13-15 | 16-18 | 19-21 | 22-24 || total
-------------------------+-------+-------+-------+-------+-------+-------+-------+-------++-------
Melee: Hand axe          |    80 |   137 |   456 |   595 |    64 |       |       |       ||  1332
       Headbutt          |     7 |    21 |    79 |   164 |   367 |   428 |   387 |     1 ||  1454
       Broad axe         |       |       |       |       |  1090 |  1206 |  1217 |    12 ||  3525
Throw: Javelin           |       |       |     7 |     2 |       |    15 |     8 |       ||    32
Invok: Depart the Abyss  |     1 |       |       |       |       |       |       |       ||     1
       Banish            |       |       |       |       |     4 |     7 |     4 |     1 ||    16
       Corrupt           |       |       |       |       |       |       |     1 |       ||     1
  Use: Scroll            |     3 |     3 |     7 |    14 |    13 |    14 |    10 |     1 ||    65
       Potion            |       |     3 |     4 |     2 |     3 |     3 |       |     2 ||    17
 Stab: Distracted        |       |       |       |       |       |       |     3 |       ||     3
       Confused          |       |       |       |       |       |       |     2 |       ||     2
  Eat: Chunk             |     2 |     6 |    14 |    24 |    58 |    32 |    33 |       ||   169
       Bread ration      |       |       |     1 |     2 |     1 |     2 |     1 |       ||     7
       Fruit             |       |       |       |       |       |       |     3 |       ||     3
Armor: Scale mail        |    65 |    95 |   157 |       |       |       |       |       ||   317
       Plate armour      |       |       |    81 |   464 |   166 |   651 |   526 |    13 ||  1901
       Chain mail        |       |       |       |       |   330 |       |       |       ||   330
Dodge: Dodged            |    56 |    77 |   191 |   263 |   491 |   386 |   372 |     5 ||  1841
       Deflected         |       |       |       |     1 |    16 |       |       |       ||    17
Block: Shield            |       |       |       |   168 |   853 |  1078 |  1034 |    23 ||  3156
